Map: Lerilak Crest

Players

LilDicky - Winner!

  • Race: Terran Terran
  • League: Diamond

MazTer

  • Race: Terran Terran
  • League: Platinum

VOD

http://www.twitch.tv/tumescentpie

Description

Time

  • Played on: Dec. 2, 2015, 12:38 p.m.
  • Length: 27:01
Show
View Real Time Build Order
Export as new Build Order

LilDicky Terran - Winner!

Build Orders: Banshee Rush 

Get SALT Encoding   

  12  0:01  SCV  
  13  0:13  SCV  
  14  0:17  Supply Depot  
  14  0:25  SCV  
  15  0:32  Refinery  
  15  0:40  SCV  
  16  0:45  Barracks  
  16  0:58  SCV  
  17  1:11  SCV  
  18  1:23  SCV  
  19  1:33  Supply Depot  
  19  1:38  Reaper  
  19  1:39  Orbital Command  
  20  1:53  Refinery  
  20  1:58  Factory  
  20  2:09  SCV, Marine  
  22  2:21  SCV  
  23  2:34  SCV  
  23  2:35  Marine  
  24  2:53  SCV  
  24  2:55  Factory Tech Lab  
  24  2:56  Starport  
  24  2:58  Marine  
  27  3:05  SCV  
  27  3:17  SCV  
  28  3:20  Marine  
  29  3:28  Command Center  
  29  3:29  SCV  
  29  3:32  Factory Tech Lab  
  29  3:38  Cloaking Field  
  29  3:45  Supply Depot  
  29  3:53  Banshee  
  31  4:06  SCV, Siege Tank, Marine  
  36  4:12  Command Center  
  36  4:18  SCV  
  37  4:31  SCV, Marine  
  39  4:39  Banshee  
  39  4:40  Siege Tank  
  39  4:41  Orbital Command  
  39  4:43  SCV  
  39  4:44  Supply Depot  
  46  4:49  Engineering Bay  
  46  4:50  Marine  
  47  4:55  SCV  
  48  5:07  SCV  
  48  5:08  Marine  
  50  5:19  SCV  
  51  5:22  SCV  
  52  5:31  SCV  
  53  5:42  Siege Tank  
  53  5:43  SCV  
  53  5:44  SCV  
  53  5:46  Orbital Command  
  55  5:54  Starport Reactor  
  55  5:58  SCV, Barracks x2  
  55  5:59  Barracks  
  55  6:00  Orbital Command  
  55  6:02  Refinery  
  55  6:03  Refinery  
  56  6:10  SCV  
  57  6:14  Siege Tank  
  60  6:20  SCV  
  61  6:28  SCV  
  61  6:32  Barracks  
  62  6:46  Siege Tank  
  63  6:55  SCV  
  63  6:56  SCV  
  63  6:57  Viking x2  
  70  7:01  Barracks Tech Lab  
  70  7:02  Barracks Reactor, Barracks Tech Lab  
  70  7:03  SCV  
  70  7:07  SCV  
  70  7:08  SCV  
  72  7:11  Barracks Reactor  
  72  7:18  Siege Tank  
  72  7:33  SCV  
  72  7:35  Marine  
  72  7:36  Marine  
  75  7:39  Stimpack  
  71  7:53  Marine x2  
  71  7:57  SCV x2  
  75  8:00  Viking  
  75  8:02  Viking  
  75  8:03  SCV  
  75  8:04  Refinery  
  75  8:05  Refinery  
  77  8:09  SCV, Supply Depot  
  77  8:12  Supply Depot  
  75  8:13  Terran Infantry Weapons Level 1  
  75  8:18  Starport  
  75  8:19  Starport  
  73  8:26  Command Center  
  70  8:37  SCV x2  
  70  8:39  Siege Tank  
  75  8:44  SCV  
  76  8:49  SCV  
  76  8:51  SCV  
  78  8:57  SCV  
  78  9:02  SCV  
  80  9:03  SCV  
  80  9:07  Refinery  
  81  9:11  Refinery, Siege Tank  
  81  9:16  Command Center  
  81  9:22  Starport Tech Lab x2  
  81  9:23  Viking x2  
  85  9:27  Marine x5  
  85  9:28  Marine x2  
  85  9:29  SCV x2  
  94  9:36  Missile Turret  
  94  9:37  Missile Turret x4  
  94  9:39  Planetary Fortress  
  94  9:43  Siege Tank, Missile Turret  
  94  9:44  Marine  
  94  9:45  SCV, Marine x4  
  98  9:46  SCV x2  
  95  9:58  SCV x2, Marine x2  
  99  10:16  Siege Tank, Marine  
  99  10:17  Marine x6  
  99  10:19  Banshee x2, Corvid Reactor  
  114  10:22  SCV x2  
  114  10:34  Marine  
  114  10:35  Marine x4  
  118  10:38  SCV  
  119  10:48  Viking x2  
  118  10:56  Marine  
  111  10:57  Marine x2  
  111  10:58  Siege Tank  
  111  11:01  Raven  
  111  11:02  Marine x3  
  111  11:03  SCV, Marine  
  123  11:07  Planetary Fortress  
  123  11:10  Command Center  
  123  11:14  Marine  
  123  11:15  Marine x2  
  126  11:20  Marine  
  127  11:29  SCV x2  
  129  11:42  Banshee  
  129  11:43  Supply Depot x2  
  129  11:44  Supply Depot x2  
  129  11:49  Banshee  
  129  11:50  Siege Tank  
  124  12:00  Viking x2  
  121  12:14  Marine x2  
  121  12:15  Marine x5  
  122  12:19  SCV x4  
  122  12:21  Factory x2  
  125  12:23  Factory  
  125  12:25  Banshee  
  128  12:30  Viking  
  128  12:32  Concussive Shells, Marine x2  
  128  12:33  Combat Shields  
  128  12:34  Marine x2  
  128  12:35  Marauder x3  
  140  12:37  Orbital Command  
  140  12:47  SCV x2  
  140  12:50  Marine x2  
  144  12:51  Marine  
  144  12:52  Marine  
  144  12:56  SCV, Marauder, Marine x2  
  144  12:57  SCV  
  152  13:04  SCV x2  
  154  13:08  Marine x2  
  154  13:09  Marine x2  
  154  13:10  Command Center  
  147  13:47  Factory Tech Lab x2, Hellion  
  140  13:50  Marine  
  140  13:51  Marine  
  140  13:52  Banshee x2, Viking x2  
  152  14:01  Missile Turret  
  152  14:03  Missile Turret  
  152  14:04  Missile Turret x2  
  152  14:07  Refinery, Missile Turret  
  152  14:08  Refinery  
  152  14:10  Missile Turret  
  152  14:11  Missile Turret  
  152  14:13  Missile Turret  
  152  14:15  Marine  
  152  14:17  Siege Tank  
  156  14:18  Siege Tank  
  157  14:27  Marine x2  
  157  14:29  Hellion x2  
  144  14:32  Missile Turret  
  144  14:35  Banshee  
  144  14:37  Banshee  
  144  14:38  Viking x2  
  154  14:46  Planetary Fortress, Missile Turret  
  154  14:49  Siege Tank  
  154  14:50  Siege Tank  
  160  15:09  Missile Turret  
  160  15:14  Missile Turret  
  160  15:17  Marine  
  160  15:18  Banshee, Marine x6  
  160  15:19  Siege Tank  
  160  15:20  Missile Turret  
  160  15:21  Siege Tank  
  174  15:22  Siege Tank  
  177  15:35  Marine  
  176  15:36  Marine  
  178  15:51  Siege Tank  
  180  15:57  Missile Turret  
  176  16:07  Hellion x3  
  182  16:17  Missile Turret  
  182  16:24  Hellion  
  180  16:28  Hellion, Siege Tank  
  183  16:45  Hellion  
  185  16:50  Hellion  
  183  17:01  Hellion  
  178  17:06  Siege Tank  
  173  17:11  Hellion  
  175  17:16  Refinery  
  175  17:22  Siege Tank  
  174  17:32  Command Center, Refinery x2  
  174  17:33  Hellion  
  176  17:40  Command Center, Refinery  
  176  17:43  Banshee x2  
  185  17:45  Viking x2  
  185  17:46  Marine x4  
  185  17:48  Command Center, Siege Tank x2  
  193  17:53  Missile Turret  
  193  17:54  Missile Turret  
  193  18:04  Marine x2  
  193  18:07  Siege Tank  
  193  18:14  Marine x5  
  193  18:15  Hellion  
  200  19:05  Orbital Command  
  200  19:06  Fusion Core  
  200  19:11  Command Center  
  200  19:12  Refinery  
  200  19:15  Starport x3  
  200  19:16  Command Center, Starport  
  200  19:17  Starport  
  200  19:18  Refinery  
  200  19:19  Refinery, Starport  
  200  19:20  Refinery  
  200  19:22  Terran Infantry Armor Level 1, Refinery  
  200  19:28  Armory  
  200  19:31  Armory  
  200  19:34  Armory  
  200  19:37  Refinery, Engineering Bay  
  200  19:39  Factory Tech Lab, Engineering Bay  
  200  19:43  Mag-Field Accelerator, Infernal Pre-Igniter  
  200  19:47  Explosive Shrapnel Shells  
  200  19:48  High Capacity Fuel Tanks  
  189  20:29  Starport Tech Lab x6  
  189  20:34  Missile Turret  
  186  20:36  Terran Infantry Weapons Level 2, Fusion Core  
  186  20:37  Terran Ship Weapons Level 1, Terran Vehicle Weapons Level 1  
  186  20:38  Terran Vehicle And Ship Armor Level 1  
  141  21:06  Planetary Fortress  
  141  21:10  Missile Turret  
  141  21:11  Missile Turret  
  141  21:13  Missile Turret  
  141  21:24  Planetary Fortress  
  141  21:31  Battlecruiser x6  
  141  21:32  Battlecruiser x2  
  189  21:34  Missile Turret  
  189  22:03  Missile Turret  
  189  22:04  Missile Turret x2  
  189  22:14  Command Center  
  189  22:17  SCV x2  
  191  22:35  Battlecruiser  
  190  23:06  Raven  
  190  23:07  Raven x4  
  200  23:44  Refinery x2  
  200  23:45  Hyperflight Rotors  
  200  23:46  Advanced Ballistics  
  181  24:27  Battlecruiser x2  
  181  24:28  Battlecruiser  
  196  24:52  Weapon Refit  
  196  25:35  Behemoth Reactor  
  166  26:07  Planetary Fortress  
  166  26:37  Command Center  
  166  26:54  Command Center  
Show
View Real Time Build Order
Export as new Build Order

MazTer Terran 

Build Orders:  

Get SALT Encoding   

  12  0:01  SCV  
  13  0:13  SCV  
  14  0:19  Supply Depot  
  14  0:25  SCV  
  15  0:40  SCV  
  16  0:43  Barracks  
  16  0:53  SCV  
  17  0:58  Refinery  
  17  1:05  SCV  
  17  1:09  Engineering Bay  
  18  1:17  SCV  
  19  1:32  Marine  
  21  1:35  Orbital Command  
  20  1:52  Marine  
  20  1:53  Command Center  
  21  2:03  SCV  
  21  2:06  Refinery  
  22  2:10  Marine  
  23  2:41  Supply Depot  
  23  2:42  Supply Depot  
  23  2:47  Factory  
  23  3:02  SCV, Marine  
  25  3:14  SCV  
  26  3:20  Marine  
  27  3:34  Planetary Fortress  
  27  3:38  Marine  
  27  3:39  Missile Turret  
  27  3:40  Missile Turret  
  27  3:41  Missile Turret  
  28  3:45  Factory Reactor  
  28  3:46  Factory Tech Lab  
  28  3:51  Missile Turret  
  28  3:55  Marine  
  29  4:07  SCV  
  30  4:10  Siege Tank  
  30  4:13  Marine  
  34  4:19  SCV, Missile Turret  
  35  4:33  Marine  
  35  4:36  Missile Turret  
  36  4:39  Bunker  
  36  4:48  Hi-Sec Auto Tracking  
  36  4:56  Siege Tank  
  39  5:07  SCV  
  39  5:08  SCV  
  40  5:19  SCV  
  41  5:26  SCV  
  42  5:29  Command Center  
  42  5:53  Refinery  
  42  5:54  Refinery, Missile Turret  
  42  5:58  SCV x2  
  42  5:59  Siege Tank  
  47  6:13  Supply Depot  
  47  6:17  Supply Depot  
  47  6:29  Command Center  
  45  6:38  Starport  
  39  6:55  Marine  
  39  7:00  Siege Tank  
  43  7:08  Missile Turret  
  43  7:13  Marine  
  44  7:21  Building Armor  
  44  7:22  Starport Tech Lab  
  43  7:44  Missile Turret  
  41  7:55  Planetary Fortress  
  41  7:57  Missile Turret  
  41  8:01  Missile Turret  
  41  8:30  Banshee  
  41  8:31  Cloaking Field  
  39  8:43  Missile Turret  
  39  8:44  SCV  
  40  8:58  SCV  
  40  8:59  SCV x3  
  44  9:25  Missile Turret  
  44  9:31  Marine  
  45  9:42  SCV  
  46  9:49  Banshee, Marine  
  49  10:09  Planetary Fortress  
  49  10:20  Missile Turret  
  49  10:32  Banshee  
  49  10:33  Siege Tank  
  45  11:02  Missile Turret  
  45  11:05  Marine  
  46  11:15  Banshee  
  46  11:16  SCV  
  50  11:19  SCV  
  50  11:20  SCV x2  
  50  11:23  Marine  
  54  11:28  SCV  
  55  11:36  SCV  
  56  11:41  Marine  
  57  11:49  SCV  
  57  11:50  Missile Turret  
  58  11:59  Marine  
  59  12:16  Marine  
  53  12:27  Banshee  
  53  12:28  Siege Tank  
  59  12:34  Marine  
  60  12:37  Missile Turret x2  
  60  12:40  Missile Turret  
  60  12:43  SCV  
  61  12:52  Marine  
  61  12:55  SCV  
  60  13:07  SCV  
  60  13:11  Command Center  
  60  13:12  Command Center, Banshee  
  64  13:17  Starport  
  64  13:19  SCV  
  65  13:20  Starport  
  65  13:24  Marine  
  66  13:31  SCV  
  64  13:42  Marine  
  65  13:54  Banshee  
  68  14:11  Starport Tech Lab  
  62  14:41  SCV  
  63  14:53  SCV, Banshee x2  
  69  15:05  SCV  
  70  15:14  Starport Tech Lab  
  70  15:17  SCV  
  71  15:27  Missile Turret  
  71  15:39  Banshee x3  
  80  15:48  Siege Tank  
  67  16:42  SCV  
  67  16:44  Barracks  
  65  16:55  SCV  
  57  17:03  Marine  
  57  17:07  SCV  
  59  17:21  Marine  
  58  17:54  Marine  
  59  18:06  Refinery  
  59  18:09  SCV  
  59  18:12  Refinery, Marine  
  61  18:13  Marine  
  62  18:21  SCV  
  63  18:30  Marine  
  63  18:31  Marine  
  63  18:32  Missile Turret  
  63  18:33  SCV  
  62  18:47  Marine  
  62  18:48  SCV, Marine  
  62  18:50  Missile Turret  
  63  18:59  Refinery  
  63  19:00  SCV, Refinery  
  64  19:04  Missile Turret  
  64  19:05  Marine  
  64  19:06  Missile Turret  
  65  19:22  Planetary Fortress  
  65  19:23  Missile Turret, Marine  
  66  19:24  Missile Turret  
  66  19:26  Missile Turret  
  66  19:27  Missile Turret  
  66  19:30  Missile Turret  
  57  19:41  Marine  
  45  20:18  Command Center  
  45  20:22  Refinery  
  45  20:23  SCV, Refinery  
  45  20:26  SCV  
  47  20:35  SCV  
  48  20:38  SCV  
  50  20:50  SCV  
  44  21:02  SCV  
  44  21:22  Planetary Fortress  
  40  21:52  Banshee  
  40  21:53  Banshee x2  
  34  22:13  SCV  
  31  22:25  SCV  
  31  22:35  Banshee  
  34  22:38  SCV  
  33  22:51  SCV  
  27  23:03  SCV  
  22  23:16  SCV  
  17  23:38  Marine  
  18  23:50  SCV  
  19  23:55  Marine  
  19  24:02  SCV  
  21  24:13  Marine  
  21  24:14  SCV  
  23  24:28  Siege Tank  
  26  24:31  Marine  
  27  24:45  Missile Turret  
  24  24:49  Marine  
  25  24:55  SCV  
  21  25:01  Missile Turret  
  21  25:03  Missile Turret x2  
  21  25:04  Missile Turret  
  21  25:07  SCV  
  19  25:17  Missile Turret  
  20  25:26  SCV  
  14  25:35  Missile Turret  
  11  26:08  Missile Turret  
  11  26:10  Orbital Command  
  11  26:11  Missile Turret  
Tags
 
Add a new tag
Caveats
  • Supply blocks, unpowered buildings, or Contaminate may cause inaccurate times.
  • Supply counts are checked every 10 seconds.